 Dungeon Crawl Stone Soup version 0.20-a0-1101-g1de9d76 (webtiles) character file.

30 Alarkh the Chopper (level 3, 19/29 HPs)
             Began as a Demonspawn Berserker on May 4, 2017.
             Was a Follower of Trog.
             Got out of the dungeon alive.
             The game lasted 00:00:34 (1241 turns).

Alarkh the Chopper (Demonspawn Berserker)           Turns: 1241, Time: 00:00:34

Health: 19/29      AC:  2    Str: 17    XL:     3   Next: 3%
Magic:  3/3        EV: 12    Int:  9    God:    Trog [*.....]
Gold:   28         SH:  4    Dex: 12    Spells: 2/2 levels left

rFire    . . .     SeeInvis .   a - +0 hand axe
rCold    . . .     Gourm    .   (no shield)
rNeg     . . .     Faith    .   b - +0 animal skin
rPois    .         Spirit   .   (no helmet)
rElec    .         Reflect  .   (no cloak)
rCorr    .         Harm     .   (no gloves)
MR       .....                  (no boots)
Stlth    +.........             (no amulet)
Regen    0.1/turn               (no ring)
MPRegen  0.1/turn               (no ring)

@: no status effects
A: hooves 1, large bone plates 1
a: Berserk, Burn Spellbooks, Renounce Religion


You escaped.
You worshipped Trog.
Trog was aware of your devotion.
You were not hungry.

You visited 1 branch of the dungeon, and saw 2 of its levels.

You collected 28 gold pieces.

Inventory:

Hand Weapons
 a - a +0 hand axe (weapon)
Armour
 b - a +0 animal skin (worn)
Scrolls
 d - a scroll of blinking {unknown}
 i - a scroll of teleportation {unknown}
 j - a scroll of enchant armour {unknown}
Potions
 e - a potion of degeneration {unknown}
 f - a potion of brilliance {unknown}
 h - a potion of cancellation {unknown}
Comestibles
 c - a bread ration
 k - 3 fruits


   Skills:
 - Level 3.0 Fighting
 + Level 3.8 Axes
 - Level 1.7 Armour
 - Level 1.7 Dodging


You had 2 spell levels left.
You didn't know any spells.

Dungeon Overview and Level Annotations

Branches:
Dungeon (2/15)

Altars:
Trog


Innate Abilities, Weirdness & Mutations

You have large cloven feet.
You are partially covered in large bone plates. (SH +4)


Message History

You feel clever.
Your demonic ancestry asserts itself...
Your feet thicken and deform.
The bat hits you but does no damage.
You hit the bat but do no damage. Your kick misses the bat.
The bat is heavily wounded.
The bat barely misses you.
You hit the bat.
You kill the bat!
Trog accepts your kill.
No target in view!
No target in view!
There is a stone staircase leading up here.
You climb upwards.
There is a stone staircase leading down here.
You see here a club.
You see here a club.
There is an open door here.
There is a staircase leading out of the dungeon here.
Are you sure you want to leave the Dungeon?
This will make you lose the game!
You have escaped!

#.#######.##.#####.#####........
#.........(..#...#.#...#.#####..
###########..#...#.'...#.# #..
#(.#...#.#...#.# #..
########..##'##.#####.# #..
#.....................#####..
#.######..#####.##'##........
#.# #..#...#.#...#..####..
#####.# ##.#.@.'.#.>.#..# #..
......# #.#...#.#...#..# ##.
#####.# #.#####.#####.## #. #.#
#.............# #. #.#
#.#...........# #. #.#
#...##.####.### #. #.#####
###.##.# #.# #. #.....# #.##.#
#.########. #.###.# #.##)#
##).........


There were no monsters in sight!

Vanquished Creatures
  An ooze (D:2)
  2 dart slugs (D:1)
  A leopard gecko (D:1)
  2 goblins (D:1)
  6 hobgoblins (D:1)
  2 bats
  A frilled lizard (D:1)
  A kobold (D:1)
  4 rats (D:1)
20 creatures vanquished.

Notes
Turn   | Place    | Note
-------+----------+-------------------------------------------
     0 | D:1      | Alarkh the Demonspawn Berserker began the quest for the Orb.
     0 | D:1      | Reached XP level 1. HP: 18/18 MP: 1/1
   310 | D:1      | Gained mutation: You are partially covered in large bone plates. (SH +4) [demonic ancestry]
   310 | D:1      | Reached XP level 2. HP: 17/24 MP: 2/2
  1202 | D:2      | Found a bloodstained altar of Trog.
  1213 | D:2      | Gained mutation: You have large cloven feet. [demonic ancestry]
  1213 | D:2      | Reached XP level 3. HP: 16/29 MP: 3/3
  1241 | D:$      | Got out of the dungeon alive.

Vault maps used:
D:1:      minmay_arrival_four_houses
D:2:      bloody_trog, led_sif_pool, uniq_jessica

Skill      XL: |  1 |
---------------+----+-----
Axes           | 3 |  3.8
Fighting       | |  3.0
Armour         | |  1.7
Dodging        | |  1.7

Action                   || total
-------------------------++-------
Melee: Hand axe          ||    76
  Eat: Chunk             ||     1
Armor: Animal skin       ||    10
Dodge: Dodged            ||    40
Block: Other             ||     8
